 Dungeon Crawl Stone Soup version 0.31-a0-202-g547052bce9 (webtiles) character file.

Game seed: 18015836011471266055

42 qw the Shooter (level 3, -4/20 HPs)
             Began as a Deep Elf Hunter on June 26, 2023.
             Slain by a gnoll
             ... wielding a +0 club
              (5 damage)
             ... on level 2 of the Dungeon.
             The game lasted 00:00:18 (968 turns).

qw the Shooter (Deep Elf Hunter)                     Turns: 968, Time: 00:00:19

Health: -4/20      AC:  3    Str: 10    XL:     3   Next: 35%
Magic:  0/5        EV: 12    Int: 13    God:
Gold:   160        SH:  0    Dex: 18    Spells: 2/2 levels left

rFire   . . .        Y - +0 shortbow
rCold   . . .        (shield currently unavailable)
rNeg    . . .        c - +0 leather armour
rPois   .            (no helmet)
rElec   .            (no cloak)
rCorr   .            (no gloves)
SInv    .            (no boots)
Will    .....        l - amulet of guardian spirit
Stlth   ++           (no ring)
HPRegen 0.23/turn    (no ring)
MPRegen 0.09/turn

%: guardian spirit
@: no status effects
A: no striking features
a: no special abilities


You were on level 2 of the Dungeon.
You visited 1 branch of the dungeon, and saw 2 of its levels.

You collected 215 gold pieces.
You spent 55 gold pieces at shops.


   Skills:
 - Level 1.5 Fighting
 + Level 6.9 Ranged Weapons
 - Level 2.4 Dodging
 - Level 1.2 Stealth


You had 2 spell levels left.
You didn't know any spells.
Your spell library was empty.

Inventory:

Hand Weapons
 Y - a +0 shortbow (weapon)
Armour
 c - a +0 leather armour (worn)
Jewellery
 l - an amulet of guardian spirit (around neck)
Scrolls
 a - a scroll of teleportation
 f - a scroll of identify
Potions
 g - a potion of heal wounds
 i - a potion of curing {unknown}

Dungeon Overview and Level Annotations

Branches:
Dungeon (2/15)

Altars:

Shops:
D:1 [!(:


Message History

The gnoll shouts!
You shoot an arrow. The arrow hits the gnoll!
The gnoll is severely wounded.
A gnoll comes into view. It is wielding a +0 whip.
The gnoll moves out of view.
You shoot an arrow. The arrow barely misses the gnoll.
A gnoll comes into view. It is wielding a +0 whip.
You shoot an arrow. The gnoll shouts!
The arrow hits the gnoll but does no damage.
The gnoll is severely wounded.
The teleport trap disappears.
The gnoll disappears!
You shoot an arrow.
The arrow hits the gnoll but does no damage.
The gnoll is severely wounded.
You shoot an arrow. The gnoll shouts!
The arrow hits the gnoll.
You kill the gnoll!
You shoot an arrow. The arrow hits the gnoll!
The gnoll is severely wounded.
You shoot an arrow. The arrow barely misses the gnoll.
The arrow hits the gnoll.
The gnoll is moderately wounded.
You shoot an arrow. The arrow barely misses the gnoll.
You shoot an arrow. The arrow closely misses the gnoll.
The gnoll hits you with a +0 whip.
You shoot an arrow. The arrow barely misses the gnoll.
The arrow hits the gnoll.
The gnoll is heavily wounded.
The gnoll barely misses you.
You shoot an arrow. The arrow hits the gnoll.
The gnoll is severely wounded.
The gnoll hits you with a +0 whip!
You shoot an arrow. The arrow hits the gnoll.
The gnoll is almost dead.
The gnoll completely misses you. The gnoll hits you with a +0 whip!
You shoot an arrow.
The arrow hits the gnoll but does no damage.
The gnoll is almost dead.
The gnoll hits you with a +0 whip! The gnoll hits you with a +0 club.
You die...

#######.#######.
........>.......
.######..#####.
#..#####..#
#.........#
##.#####.##
#######.###
#.....g...#
#..$..@...#
#....gg...#
#.........#
#.........#
#.........#
#.........#
#.........#
#.........#


You could see 3 gnolls.

Vanquished Creatures
  An adder (D:2)
  A gnoll (D:2)
  A ball python (D:1)
  2 endoplasms (D:1)
  2 giant cockroaches (D:1)
  A goblin (D:1)
  3 hobgoblins (D:1)
  A quokka (D:1)
  5 bats (D:1)
  A frilled lizard (D:2)
  3 kobolds
  A rat (D:1)
22 creatures vanquished.

Notes
Turn   | Place    | Note
-------+----------+-------------------------------------------
     0 | D:1      | qw the Deep Elf Hunter began the quest for the Orb.
     0 | D:1      | Reached XP level 1. HP: 12/12 MP: 3/3
     0 | D:1      | 0 ||| qw: Version: 0.3-a-22-g0ed2b0b
     0 | D:1      | 0 ||| qw: Game counter: 6108
     0 | D:1      | 0 ||| qw: Melee chars always use a shield: true
     0 | D:1      | 0 ||| qw: God list: Okawaru
     0 | D:1      | 0 ||| qw: Allow faded altars: false
     0 | D:1      | 0 ||| qw: Do Orc after clearing Dungeon:15 true
     0 | D:1      | 0 ||| qw: Do second Lair branch before Depths: true
     0 | D:1      | 0 ||| qw: Lair rune preference: random
     0 | D:1      | 0 ||| qw: Goals: Normal
     0 | D:1      | 0 ||| PLANNING D:1-11
    29 | D:1      | Found Sofiky's Weapon Emporium.
   122 | D:1      | Found Qigy's Distillery.
   125 | D:1      | 125 ||| SHOPLISTING potion of cancellation (88 gold, have
                  | 62).
   125 | D:1      | 125 ||| SHOPLISTING potion of haste (110 gold, have 62).
   125 | D:1      | 125 ||| BUYING potion of heal wounds (55 gold).
   125 | D:1      | Bought a potion of heal wounds for 55 gold pieces
   125 | D:1      | 125 ||| SHOPLISTING potion of mutation (88 gold, have 7).
   133 | D:1      | Found Velur's Antique Armour Boutique.
   137 | D:1      | 137 ||| SHOPLISTING crude leather armour (168 gold, have
                  | 7).
   137 | D:1      | 137 ||| SHOPLISTING glowing scarf (192 gold, have 7).
   137 | D:1      | 137 ||| SHOPLISTING pair of embroidered gloves (180 gold,
                  | have 7).
   137 | D:1      | 137 ||| SHOPLISTING smoking scale mail (216 gold, have 7).
   158 | D:1      | Reached XP level 2. HP: 14/16 MP: 4/4
   159 | D:1      | Reached skill level 6 in Ranged Weapons
   373 | D:1      | Found Qiahamn's Book Shoppe.
   804 | D:1      | 804 ||| UPGRADING to amulet of guardian spirit.
   809 | D:1      | 809 ||| READING scroll labelled FOBUAV LUXUE.
   814 | D:1      | 814 ||| READING scroll labelled LIUFFIAHUU.
   815 | D:1      | 815 ||| READING 3 scrolls labelled CUTAOFI WUONIA.
   816 | D:1      | 816 ||| READING scroll labelled DOBAUG BAWKY.
   817 | D:1      | 817 ||| READING scroll labelled NERUNOSEUS.
   818 | D:1      | 818 ||| READING 2 scrolls of identify.
   818 | D:1      | 818 ||| IDENTIFYING metallic cyan potion
   819 | D:1      | 819 ||| DROPPING scroll of butterflies.
   820 | D:1      | 820 ||| DROPPING potion of invisibility.
   848 | D:2      | Reached XP level 3. HP: 16/20 MP: 3/5
   968 | D:2      | HP: 1/20 [gnoll/+0 whip (5)]
   968 | D:2      | Slain by a gnoll

Levels and vault maps discovered:
D:1:      psy_arrival_terrarium, layout_loops_ring, serial_rivers,
          chequers_serial_rivers_room_a, chequers_serial_rivers_small_a,
          chequers_serial_rivers_small_a, chequers_serial_rivers_room_b,
          serial_shops, nicolae_shop_peninsula, nicolae_shop_behind_doors, shop,
          shop_coins, dreamdust_wishing_well, minmay_box_of_dots
D:2:      layout_basic

Skill      XL: |  1  2 |
---------------+-------+-----
Ranged Weapons | 6 |  6.9
Fighting       | |  1.5
Dodging        | |  2.4
Stealth        | |  1.2

Action                     || total
---------------------------++-------
   Fire: Shortbow          ||    57
    Use: Scroll            ||     6
 Armour: Leather armour    ||     3
  Dodge: Dodged            ||     9

Table legend:
 A = Non-vault XP
 B = Vault XP
 C = Vault XP percentage of total XP
 D = Non-vault monster count
 E = Vault monster count
 F = Vault count percentage of total count
                 A         B        C        D         E       F
            +---------+---------+-------+---------+---------+-------
      Total |      54 |       7 |  11.5 |      18 |       4 |  18.2
            +---------+---------+-------+---------+---------+-------
        D:1 |      23 |       7 |  23.3 |      14 |       4 |  22.2
        D:2 |      31 |       0 |   0.0 |       4 |       0 |   0.0
            +---------+---------+-------+---------+---------+-------
